 Seeded DCSS version 0.27.1-2-g3b301248ec (webtiles) character file.

Game seed: 17979796883088392625 (custom seed)

189 babuloseo the Shield-Bearer (level 6, -1/47 HPs)
             Began as a Human Fighter on Sept 26, 2021.
             Was a Priest of Jiyva.
             Slain by babuloseo's ghost (3 damage)
             ... on level 4 of the Dungeon.
             The game lasted 00:02:59 (3386 turns).

babuloseo the Shield-Bearer (Human Fighter)         Turns: 3386, Time: 00:02:59

Health: -1/47      AC:  7    Str: 17    XL:     6   Next: 0%
Magic:  6/6        EV:  7    Int:  9    God:    Jiyva [***...]
Gold:   84         SH:  9    Dex: 13    Spells: 5/5 levels left

rFire    . . .     SeeInvis .   g - +2 dagger (venom)
rCold    . . .     Faith    .   c - +0 kite shield
rNeg     . . .     Spirit   .   b - +0 scale mail
rPois    .         Reflect  .   (no helmet)
rElec    .         Harm     .   (no cloak)
rCorr    +         Rampage  .   (no gloves)
Will     .....                  (no boots)
Stlth    ..........             (no amulet)
HPRegen  0.15/turn              (no ring)
MPRegen  0.10/turn              (no ring)

@: lethally poisoned (-1 -> -6)
A: no striking features
a: Renounce Religion, Request Jelly


You were on level 4 of the Dungeon.
You worshipped Jiyva.
Jiyva was most pleased with you.
You visited 1 branch of the dungeon, and saw 4 of its levels.

You collected 84 gold pieces.

Inventory:

Hand Weapons
 a - a +0 long sword
 g - a +2 dagger of venom (weapon)
 p - the +5 lajatang of Departure {vorpal, rC+ Will++ rCorr Str+2}
   (You found it on level 4 of the Dungeon)

   It inflicts extra damage upon your enemies.
   Str:       It affects your strength (+2).
   rC:        It protects you from cold.
   rCorr:     It protects you from acid and corrosion.
   Will:      It greatly increases your willpower.
Armour
 b - a +0 scale mail (worn)
 c - a +0 kite shield (worn)
Jewellery
 i - an amulet of regeneration
 m - a ring of fire
Scrolls
 h - a scroll of enchant armour {unknown}
 l - a scroll of noise {unknown}
 n - a scroll of teleportation {unknown}
 o - a scroll of enchant weapon {unknown}
Potions
 d - 2 potions of might
 e - a potion of berserk rage {unknown}
 f - 2 potions of curing {unknown}
 j - 2 potions of invisibility {unknown}
 k - a potion of cancellation {unknown}


   Skills:
 + Level 3.5 Fighting
 + Level 1.6(2.5) Short Blades
 + Level 2.9(3.1) Long Blades
 + Level 4.0 Armour
 + Level 1.0 Dodging
 + Level 0.2 Stealth
 + Level 4.0 Shields


You had 5 spell levels left.
You didn't know any spells.
Your spell library was empty.

Dungeon Overview and Level Annotations

Branches:
Dungeon (4/15)
 Temple: D:4-7

Altars:
Jiyva

Shops:
D:3 (:[[

Annotations:
D:4 babuloseo's ghost, amateur HuBr


Message History

You block babuloseo's ghost's attack.
You hit babuloseo's ghost.
Babuloseo's ghost is lightly damaged.
You feel very sick.
Babuloseo's ghost hits you but does no damage.
You are more poisoned.
You hit babuloseo's ghost but do no damage.
Babuloseo's ghost is lightly damaged.
You feel very sick.
Babuloseo's ghost hits you but does no damage.
You are lethally poisoned!
You hit babuloseo's ghost.
Babuloseo's ghost is lightly damaged.
You feel very sick. You block babuloseo's ghost's attack.
You closely miss babuloseo's ghost.
Babuloseo's ghost is lightly damaged.
* * * LOW HITPOINT WARNING * * *
You feel very sick. Babuloseo's ghost barely misses you.
Your shield and scale mail prevent you from hitting babuloseo's ghost.
Babuloseo's ghost is lightly damaged.
* * * LOW HITPOINT WARNING * * *
You feel very sick. You block babuloseo's ghost's attack.
You closely miss babuloseo's ghost.
Babuloseo's ghost is lightly damaged.
* * * LOW HITPOINT WARNING * * *
You feel very sick.
Babuloseo's ghost laughs crazily.
You block babuloseo's ghost's attack.
You hit babuloseo's ghost but do no damage.
Babuloseo's ghost is lightly damaged.
* * * LOW HITPOINT WARNING * * *
You feel sick. You block babuloseo's ghost's attack.
You closely miss babuloseo's ghost.
Babuloseo's ghost is lightly damaged.
* * * LOW HITPOINT WARNING * * *
You feel sick. Babuloseo's ghost hits you.
You die...

# #.# #.....
#.# ##...#
#.# #####
###.#
#####...###
...........#
##########.#
#.....#..#
#$≈≈≈≈W@.#
#.....#.##
#########


You could see babuloseo's ghost.

Vanquished Creatures
  A scorpion (D:4)
  An iguana (D:2)
  A hound skeleton (D:4)
  3 adders
  2 dart slugs
  An orc (D:4)
  5 ball pythons
  2 endoplasms
  4 giant cockroaches
  14 goblins
  4 hobgoblins
  2 jackals (D:1)
  A quokka (D:4)
  3 bats
  6 frilled lizards
  6 kobolds
  6 rats (D:1)
62 creatures vanquished.

Vanquished Creatures (others)
  A black bear (D:4)
  2 jellies (D:4)
  Ijyb (D:3)
  A hound skeleton (D:4)
  A gnoll (D:4)
  An adder skeleton (D:4)
  A dart slug (D:4)
  A worm (D:3)
  An orc (D:4)
  4 endoplasms (D:4)
  3 goblins
  2 kobolds
  A quokka (D:4)
  2 ball pythons (D:4)
22 creatures vanquished.

Grand Total: 84 creatures vanquished

Notes
Turn   | Place    | Note
-------+----------+-------------------------------------------
     0 | D:1      | babuloseo the Human Fighter began the quest for the Orb.
     0 | D:1      | Reached XP level 1. HP: 18/18 MP: 1/1
    95 | D:1      | Reached XP level 2. HP: 21/24 MP: 2/2
   664 | D:1      | Reached XP level 3. HP: 28/29 MP: 3/3
  1208 | D:2      | Reached XP level 4. HP: 22/35 MP: 4/4
  1814 | D:2      | Found a faded altar of an unknown god.
  2059 | D:2      | Became a worshipper of Jiyva Jolegurg the Shapeless
  2059 | D:2      | Reached * piety under Jiyva
  2384 | D:3      | Reached ** piety under Jiyva
  2503 | D:3      | Found Ynoatz's Antique Armour Emporium.
  2587 | D:3      | Found Naoreuss's Book Shoppe.
  2642 | D:3      | Found Boshruss's Antique Weapon Emporium.
  2661 | D:3      | Killed Ijyb
  2781 | D:3      | Found Cuh Hufu's Antique Armour Emporium.
  3078 | D:4      | Reached XP level 5. HP: 41/41 MP: 5/5
  3127 | D:4      | Reached skill level 1 in Short Blades
  3127 | D:4      | Reached *** piety under Jiyva
  3145 | D:4      | Reached skill level 1 in Dodging
  3160 | D:4      | Reached XP level 6. HP: 27/47 MP: 6/6
  3168 | D:4      | Identified the +5 lajatang of Departure {vorpal, rC+ Will++
                  | rCorr Str+2}
  3304 | D:4      | Killed a black bear
  3367 | D:4      | Found a runed translucent door.
  3368 | D:4      | Noticed babuloseo's ghost (amateur HuBr)
  3386 | D:4      | HP: 2/47 [poisoned by babuloseo's ghost]
  3386 | D:4      | Slain by babuloseo's ghost

Illustrated notes

Levels and vault maps discovered:
D:1:      minmay_arrival_cross, layout_loops_ring
D:2:      layout_rooms, shapermc_ecumenical_altar_venn
D:3:      layout_basic, serial_shops, shop, nicolae_shop_behind_doors, shop,
          shop, uniq_ijyb
D:4:      minmay_octagon_keep, layout_loops_ring, ebering_ghost_reflecting_pool,
          small_statue_intersection

Skill      XL: |  1  2  3  4  5 |
---------------+----------------+-----
Short Blades   | 1 |  1.6
Dodging        | 1 |  1.0
Shields        | 4 |  4.0
Armour         | 4 |  4.0
Fighting       | |  3.5
Long Blades    | |  2.9
Stealth        | |  0.2

Action                   |  1- 3 |  4- 6 || total
-------------------------+-------+-------++-------
Melee: Long sword        |    45 |       ||    45
       Dagger            |    41 |   109 ||   150
Armor: Scale mail        |    35 |    41 ||    76
Dodge: Dodged            |    26 |    41 ||    67
Block: Kite shield       |    41 |    58 ||    99
       Rpst.: Long sword |     3 |       ||     3
